AoeStats
← Caddu

Arena

508078982Analyzed
3v3 RM · 11d ago on Sep 20, 2026· 58m 20s· 6 players
Game mode
Random Map
Map size
Normal (6 player)
Population
200
Speed
Normal
Resources
Standard
Victory
Conquest
Starting age
Dark Age
Ending age
Imperial Age
RankedLock teamsTeams togetherTeam positionsShared explorationLock speedFull tech treeHidden civsTurbo modeCheats
Victory
Defeat
🇧🇷 Khmer · Brazil
1030
+15
🇧🇷 Inca · Brazil
980
+16
🇦🇷 Spanish · Argentina
954
+17
🇺🇸 Inca · United States
1019
-17
🇺🇸 Teutons · United States
1015
-17
🇺🇸 Mongols · United States
926
-13
Mistadobalina
11:15 Feudal Age
12:39 Loom
15:51 Castle Age
15:34 Double-Bit Axe
16:04 Fletching
16:47 Horse Collar
18:20 Bodkin Arrow
19:34 Wheelbarrow
19:43 Padded Archer Armor
19:22 Champi Runner
21:45 Bow Saw
21:38 Elite Skirmisher
23:17 Heavy Plow
23:00 Champi Warrior
25:52 Gold Mining
26:40 Leather Archer Armor
26:42 Thumb Ring
27:19 Andean Sling
28:24 Squires
32:12 Hand Cart
35:00 Forging
38:13 Imperial Age
36:29 Scale Mail Armor
38:41 Iron Casting
38:21 Chain Mail Armor
39:05 Capped Ram
40:31 Hoardings
40:17 Conscription
41:08 Bracer
42:37 Ring Archer Armor
42:15 Siege Ram
45:37 Elite Kamayuk
47:29 Crop Rotation
48:32 Blast Furnace
48:02 Plate Mail Armor
48:17 Town Watch
48:54 Ballistics
48:41 Siege Engineers
48:31 Murder Holes
49:03 Onager
50:50 Elite Champi Warrior
56:23 Fabric Shields
No Soup Fer You
10:45 Feudal Age
11:14 Loom
11:22 Horse Collar
11:28 Double-Bit Axe
12:51 Horse Collar
15:55 Castle Age
17:13 Bow Saw
19:09 Wheelbarrow
22:43 Hand Cart
22:56 Heavy Plow
23:35 Town Watch
24:17 Scale Barding Armor
24:28 Bloodlines
28:28 Chain Barding Armor
28:19 Forging
30:06 Redemption
32:31 Imperial Age
30:40 Iron Casting
30:43 Gold Mining
33:31 Block Printing
34:19 Chemistry
33:40 Ballistics
34:13 Town Patrol
35:01 Theocracy
33:54 Cavalier
36:03 Fletching
38:50 Plate Barding Armor
39:15 Blast Furnace
42:04 Padded Archer Armor
46:00 Bodkin Arrow
45:46 Elite Skirmisher
48:01 Masonry
48:03 Fortified Wall
BootDaddy
11:42 Feudal Age
15:37 Castle Age
13:48 Double-Bit Axe
18:49 Horse Collar
20:25 Gold Mining
20:30 Stone Mining
21:57 Bow Saw
24:06 Fletching
24:23 Padded Archer Armor
24:42 Husbandry
25:45 Bloodlines
25:41 Heavy Plow
29:16 Thumb Ring
32:33 Bodkin Arrow
32:53 Leather Archer Armor
34:41 Wheelbarrow
36:43 Imperial Age
37:35 Gold Shaft Mining
39:18 Chemistry
38:39 Ballistics
38:48 Drill
39:13 Capped Ram
40:58 Masonry
40:54 Siege Engineers
40:48 Murder Holes
43:09 Conscription
42:46 Siege Ram
45:41 Bracer
50:49 Masonry
52:34 Onager
56:59 Elite Mangudai
Caddu
10:55 Feudal Age
12:17 Double-Bit Axe
12:43 Horse Collar
14:17 Loom
17:33 Castle Age
15:53 Gold Mining
17:13 Stone Mining
18:17 Wheelbarrow
18:30 Bow Saw
18:22 Heavy Plow
21:33 Stone Shaft Mining
21:52 Gold Shaft Mining
23:29 Champi Runner
26:01 Town Watch
27:32 Hand Cart
27:51 Scale Mail Armor
28:01 Forging
29:01 Chain Mail Armor
28:09 Champi Warrior
28:50 Squires
28:35 Arson
32:45 Imperial Age
32:11 Iron Casting
32:53 Town Patrol
32:46 Elite Champi Warrior
34:04 Crop Rotation
34:16 Plate Mail Armor
34:46 Blast Furnace
34:23 Fabric Shields
37:08 Conscription
40:32 Elite Skirmisher
40:36 Elite Kamayuk
41:17 Andean Sling
41:21 Padded Archer Armor
41:12 Fletching
41:32 Thumb Ring
42:29 Bodkin Arrow
42:49 Leather Archer Armor
44:40 Ring Archer Armor
44:11 Bracer
47:00 Chemistry
45:45 Arrowslits
46:22 Ballistics
ramonludtke
13:13 Feudal Age
16:07 Castle Age
15:59 Double-Bit Axe
17:19 Bow Saw
19:22 Husbandry
20:54 Loom
21:37 Horse Collar
25:18 Heavy Plow
25:23 Stone Mining
28:34 Fletching
28:47 Padded Archer Armor
32:16 Bodkin Arrow
32:36 Leather Archer Armor
33:06 Wheelbarrow
32:16 Town Watch
37:01 Imperial Age
35:34 Stone Shaft Mining
35:51 Hand Cart
35:21 Town Watch
36:43 Scale Barding Armor
38:03 Ballistics
37:39 Murder Holes
37:56 Masonry
38:08 Chain Barding Armor
38:00 Forging
38:08 Elite Ballista Elephant
38:53 Bracer
40:43 Chemistry
44:37 Bloodlines
44:41 Caravan
47:39 Light Cavalry
48:57 Plate Barding Armor
48:58 Iron Casting
48:32 Hussar
49:44 Town Patrol
50:38 Crop Rotation
52:23 Blast Furnace
53:16 Cavalier
56:47 Ring Archer Armor
56:17 Scale Mail Armor
Marianoserpa
0:36 Loom
12:50 Feudal Age
13:28 Double-Bit Axe
14:34 Wheelbarrow
14:39 Horse Collar
23:49 Castle Age
22:39 Scale Mail Armor
26:05 Heavy Plow
26:16 Thumb Ring
27:22 Bow Saw
27:10 Fletching
27:43 Ballistics
31:11 Gold Mining
31:20 Bodkin Arrow
31:29 Padded Archer Armor
33:20 Town Watch
33:53 Hand Cart
38:27 Imperial Age
39:35 Elite Skirmisher
41:31 Bracer
42:34 Chemistry
42:10 Conscription
45:30 Man-at-Arms
Connection lost

Rejoining the realm…

Still unreachable

The connection could not be restored.

Session expired

The server has moved on; the page needs a fresh start.